 Dungeon Crawl Stone Soup version bcrawl-1.28.1b (webtiles) character file.

Game seed: 9044030744562661834

120402 Morbidden the Sneak (level 3, -2/23 HPs)
             Began as an Octopode Archaeologist on Dec 25, 2020.
             Slain by Sigmund
             ... wielding a +0 scythe
              (8 damage)
             ... on level 2 of the Dungeon.
             The game lasted 00:02:04 (1477 turns).

Morbidden the Sneak (Octopode Archaeologist)        Turns: 1477, Time: 00:02:04

Health: -2/23      AC:  2    Str: 10    XL:     3   Next: 93%
Magic:  4/4        EV: 14    Int: 17    God:
Gold:   122        SH:  0    Dex: 10    Spells: 3/3 levels left

rFire    . . .     SeeInvis .   a - +0 whip
rCold    . . .     Gourm    .   (no shield)
rNeg     . . .     Faith    .   b - +1 hat
rPois    .         Spirit   .   (cloak restricted)
rElec    .         Reflect  .   (no amulet)
rCorr    .         Harm     .   (no ring)
MR       .....                  (no ring)
Stlth    ++++......             (no ring)
HPRegen  0.07/turn              (no ring)
MPRegen  0.09/turn              (no ring)
                                (no ring)
                                (no ring)
                                (no ring)

@: no status effects
A: almost no armour, stealthy swim, amphibious, 8 rings, constrict 8, camouflage
1, gelatinous body 1
a: no special abilities


You were on level 2 of the Dungeon.
You were not hungry.

You visited 1 branch of the dungeon, and saw 2 of its levels.

You collected 122 gold pieces.

Inventory:

Hand Weapons
 a - a +0 whip (weapon)
Missiles
 o - 78 javelins (quivered)
Armour
 b - a +1 hat (worn)
Scrolls
 c - a scroll of magic mapping
 l - a scroll of fear
 n - a scroll of identify
Potions
 g - 2 potions of curing
 h - a potion of resistance {unknown}
 i - 2 potions of flight {unknown}
 j - 2 potions of mutation {unknown}
 k - a potion of agility {unknown}
 m - a potion of brilliance {unknown}
Miscellaneous
 d - a dusty tome
Comestibles
 e - 3 rations {!d}
 f - 4 chunks of flesh


   Skills:
 * Level 1.4 Fighting
 + Level 1.5 Maces & Flails
 * Level 3.7 Dodging
 + Level 5.1 Stealth
 * Level 0.9 Spellcasting


You had 3 spell levels left.
You didn't know any spells.
Your spell library was empty.

Dungeon Overview and Level Annotations

Branches:
Dungeon (2/12)

Altars:

Annotations:
D:2 Sigmund


Innate Abilities, Weirdness & Mutations

You cannot wear most types of armour.
You are very stealthy in the water. (Stealth+)
You are amphibious.
You can wear up to eight rings at the same time.
You can use your tentacles to constrict eight enemies at once.
Your skin changes colour to match your surroundings (Stealth+).
Your rubbery body absorbs attacks. (AC +1, EV +1)


Message History

There is an open door here.
Sigmund is too close now for your liking.
Sigmund is nearby!
Throwing (i - inventory)
o - 79 javelins (quivered)
Press: ? - help, Shift-Dir - straight line, f - Sigmund
Aim: Sigmund, wielding a +0 scythe and wearing a +0 robe (hasn't noticed you)
You throw a javelin. The javelin barely misses Sigmund.
Sigmund shouts!
Sigmund hits you from afar with a +0 scythe!
Sigmund closely misses you.
You barely miss Sigmund. You grab Sigmund.
You constrict Sigmund, but do no damage.
You hit Sigmund but do no damage. You constrict Sigmund.
Sigmund points at you and mumbles some strange words.
The puff of flame hits you!
* * * LOW HITPOINT WARNING * * *
You hit Sigmund. Your squeeze misses Sigmund.
Sigmund is lightly wounded.
You constrict Sigmund. Sigmund hits you with a +0 scythe!
You die...

#.........##...........##.##.
#.........#########....##..#.
#.....#'### #.....#.... ....
#.###########.....#.... ...
#......... ............ #.#
#.#####...........##... #.# #.#
.###.......##... #÷#
#.#####.#####.#+#.###.. #.#
#.....@..............#+
######.##########@#####..........
#......................).........
#.###.>..........................
#.#......<....##.##.#.#####.#
#.#.##..#.....##.##.#.#####.#
#.#.....#.....##.##.#.......#
..#÷..........##.##.#########
###.###.#......#.##.#


You could see Sigmund.

Vanquished Creatures
  An ooze (D:1)
  A worm (D:1)
  4 dart slugs (D:1)
  3 leopard geckos
  A ball python (D:1)
  2 giant cockroaches (D:1)
  A goblin (D:2)
  3 hobgoblins
  3 jackals (D:1)
  7 bats
  2 frilled lizards
  3 kobolds
  6 rats
37 creatures vanquished.

Notes
Turn   | Place    | Note
-------+----------+-------------------------------------------
     0 | D:1      | Morbidden the Octopode Archaeologist began the quest for
                  | the Orb.
     0 | D:1      | Reached XP level 1. HP: 13/13 MP: 1/1
   120 | D:1      | Reached XP level 2. HP: 18/18 MP: 2/2
   525 | D:1      | Reached XP level 3. HP: 21/23 MP: 3/3
  1140 | D:1      | Reached skill level 5 in Stealth
  1394 | D:2      | Noticed Sigmund
  1477 | D:2      | Slain by Sigmund

Skill      XL: |  1  2  3 |
---------------+----------+-----
Stealth        | 5 |  5.1
Fighting       | |  1.4
Maces & Flails | |  1.5
Dodging        | |  3.7
Spellcasting   | |  0.9

Action                   || total
-------------------------++-------
Melee: Whip              ||    90
       Constrict         ||    22
       Tentacles         ||     5
Throw: Javelin           ||     1
  Use: Scroll            ||     2
 Stab: Sleeping          ||    11
  Eat: Chunk             ||     4
Armor: Skin              ||     8
Dodge: Dodged            ||    69
